 Dungeon Crawl Stone Soup version 0.30-a0-23-ge60ba3568b (webtiles) character file.

Game seed: 14740048346246035949

235094 diecastcamel the Devastator (level 18, -1/133 HPs)
             Began as a Pale Draconian Conjurer on Aug 18, 2022.
             Was a High Priest of Vehumet.
             Killed from afar by Mara (illusionary) (24 damage)
             ... with a bolt of fire
             ... on level 3 of the Swamp on Aug 25, 2022.
             The game lasted 07:17:32 (50154 turns).

diecastcamel the Devastator (DrCj)                 Turns: 50154, Time: 07:17:33

Health: -1/133     AC: 22    Str: 10    XL:     18   Next: 90%
Magic:  24/35      EV: 12    Int: 32    God:    Vehumet [*****.]
Gold:   3261       SH: 26    Dex:  9    Spells: 1/44 levels left

rFire   + . .      SeeInvis .    C - +4 war axe of Ybeboxio {protect, rElec Will+ Int+5 Stlth-}
rCold   + . .      Faith    .    V - +4 tower shield {rC+ rF+}
rNeg    . . .      Spirit   .    (body armour unavailable)
rPois   +          Reflect  +    U - +2 hat
rElec   +          Harm     .    Q - +2 cloak
rCorr   .          Rampage  .    p - +2 pair of gloves
Will    ++...                    (no boots)
Stlth   +.........               W - amulet of reflection
HPRegen 0.32/turn                t - +4 ring of protection
MPRegen 0.24/turn                l - ring of poison resistance

@: short of breath
A: breathe steam, AC +10, unfitting armour, cold-blooded, steam resistance
}: 1/15 runes: serpentine
a: Breathe Steam, Renounce Religion


You were on level 3 of the Swamp.
You worshipped Vehumet.
Vehumet was extremely pleased with you.
You visited 6 branches of the dungeon, and saw 30 of its levels.
You also visited: Bailey.

You collected 4296 gold pieces.
You spent 1035 gold pieces at shops.

Inventory:

Hand Weapons
 B - the +8 long sword of the Nurturing Goat {venom, *Slow Fly rPois Int+5}
   (You found it on level 12 of the Dungeon)

   It poisons the flesh of those it strikes.
   Int:       It affects your intelligence (+5).
   rPois:     It protects you from poison.
   Fly:       It grants you flight.
   *Slow:     It may slow you when you take damage.
 C - the +4 war axe of Ybeboxio (weapon) {protect, rElec Will+ Int+5 Stlth-}
   (You found it on level 1 of the Snake Pit)

   It grants its wielder temporary protection when it strikes (+7 to AC).
   Int:       It affects your intelligence (+5).
   rElec:     It insulates you from electricity.
   Will:      It increases your willpower.
   Stlth:     It makes you less stealthy.
 Z - the +1 short sword of the Poles {flame, rC+ Dex+4}
   (You found it on level 5 of the Lair of Beasts)

   It burns those it strikes, dealing additional fire damage.
   Dex:       It affects your dexterity (+4).
   rC:        It protects you from cold.
Missiles
 K - 6 curare-tipped darts
Armour
 p - a +2 pair of gloves (worn)
 Q - a +2 cloak (worn)
 U - a +2 hat (worn)
 V - a +4 tower shield of resistance (worn)
 Y - a +0 kite shield of fire resistance
Magical Staves
 y - a staff of conjuration
Jewellery
 j - a ring of wizardry
 l - a ring of poison resistance (right hand)
 t - a +4 ring of protection (left hand)
 u - a ring of protection from fire
 W - an amulet of reflection (around neck)
Wands
 d - a wand of mindburst (22)
 A - a wand of iceblast (13)
 I - a wand of paralysis (38)
 J - a wand of quicksilver (9)
 P - a wand of digging (5)
Scrolls
 b - 3 scrolls of torment
 f - 8 scrolls of identify
 g - 2 scrolls of teleportation
 n - 5 scrolls of silence
 o - 3 scrolls of magic mapping
 q - 3 scrolls of poison
 v - 5 scrolls of fog
 x - 7 scrolls of enchant weapon
 H - 5 scrolls of vulnerability
 L - 5 scrolls of brand weapon
 M - 5 scrolls of fear
Potions
 a - 7 potions of magic
 c - 4 potions of haste
 h - 6 potions of brilliance
 i - 19 potions of curing
 k - 4 potions of mutation
 m - 3 potions of attraction
 r - 6 potions of cancellation
 w - 3 potions of berserk rage
 D - 8 potions of might
 E - 2 potions of heal wounds
 F - 2 potions of invisibility
 G - 2 potions of resistance
 N - 7 potions of lignification
 R - 2 potions of flight
 S - a potion of ambrosia
Miscellaneous
 s - a tin of tremorstones (inert)
 O - a phantom mirror (inert)


   Skills:
 - Level 5.0 Fighting
 + Level 7.9 Dodging
 - Level 1.7 Stealth
 - Level 15.0 Shields
 - Level 13.6 Spellcasting
 + Level 17.4 Conjurations
 - Level 5.0 Translocations
 - Level 5.0 Ice Magic
 - Level 15.0 Air Magic
 + Level 8.5 Earth Magic
 - Level 6.7 Evocations


You had one spell level left.
You knew the following spells:

 Your Spells              Type           Power      Damage    Failure   Level
a - Magic Dart            Conj           100%       1d8       0%          1
b - Orb of Destruction    Conj           46%        9d12      1%          7
c - Searing Ray           Conj           100%       2d8       0%          2
d - Frozen Ramparts       Ice            100%       1d16      1%          3
e - Iron Shot             Conj/Erth      40%        9d8       1%          6
f - Iskenderun's Mystic   Conj/Tloc      76%        2d15      1%          4
g - Airstrike             Air            43%        2d(7-23)  1%          4
i - Lightning Bolt        Conj/Air       45%        1d65      1%          5
j - Summon Lightning Spi  Summ/Air       63%        N/A       3%          4
k - Freezing Cloud        Conj/Ice/Air   40%        6-21      1%          5
l - Blink                 Tloc           100%       N/A       1%          2

Your spell library contained the following spells:

 Spells                   Type           Power      Damage    Failure   Level
 Maxwell's Capacitive Co  Air            43%        ∞         28%         8
 Apportation              Tloc           100%       N/A       1%          1
 Freeze                   Ice            100%       1d11      1%          1
 Beastly Appendage        Tmut           42%        N/A       8%          1
 Necrotise                Necr           84%        1d8       8%          1
 Summon Small Mammal      Summ           84%        N/A       8%          1
 Passwall                 Tmut/Erth      40%        N/A       1%          2
 Dazzling Flash           Conj/Hex       100%       N/A       1%          3
 Swiftness                Air            87%        N/A       1%          3
 Fulminant Prism          Conj/Hex       33%        3d16      1%          4
 Hailstorm                Conj/Ice       76%        3d16      1%          4
 Irradiate                Conj/Tmut      33%        3d22      1%          5
 Lesser Beckoning         Tloc           52%        N/A       3%          3
 Ensorcelled Hibernation  Hex/Ice        74%        N/A       4%          2
 Inner Flame              Hex/Fire       21%        N/A       7%          3
 Passage of Golubria      Tloc           52%        N/A       10%         4
 Sublimation of Blood     Necr           21%        N/A       12%         2
 Wereblood                Tmut           21%        N/A       12%         2
 Petrify                  Tmut/Erth      49%        N/A       13%         4
 Call Canine Familiar     Summ           21%        N/A       24%         3
 Spider Form              Tmut/Pois      21%        N/A       24%         3
 Summon Guardian Golem    Hex/Summ       21%        N/A       24%         3
 Tukima's Dance           Hex            21%        N/A       24%         3
 Manifold Assault         Tloc           52%        N/A       28%         5
 Spellforged Servitor     Conj/Summ      33%        N/A       41%         7
 Yara's Violent Unravell  Hex/Tmut       10%        3d6       45%         5
 Animate Dead             Necr           21%        N/A       61%         4
 Cause Fear               Hex            10%        N/A       61%         4
 Simulacrum               Ice/Necr       18%        N/A       99%         6
 Haunt                    Necr/Summ      10%        N/A       100%        7
 Discord                  Hex            10%        N/A       100%        8
 Infestation              Necr           10%        N/A       100%        8
 Polar Vortex             Ice            26%        N/A       100%        9


Dungeon Overview and Level Annotations

Branches:
Dungeon (15/15)            Temple (1/1) D:7            Lair (5/5) D:9
  Swamp (3/4) Lair:3        Snake (4/4) Lair:3        Slime (0/5) Lair:5
    Orc (2/2) D:11            Elf (0/3) Orc:2        Vaults (0/5) D:13
 Depths (0/4) D:15         Bailey (visited)

Altars:
Ashenzari
Cheibriados
Dithmenos
Elyvilon
Fedhas
Gozag
Hepliaklqana
Kikubaaqudgha
Makhleb
Nemelex Xobeh
Okawaru
Qazlal
Ru
Sif Muna
Trog
Uskayaw
Vehumet
Wu Jian
Xom
Yredelemnul
Zin
The Shining One

Shops:
D:5 :   D:10 *   Orc:1 (   Orc:2 [?::

Annotations:
D:5 2 runed translucent doors
D:8 5 transporters
Swamp:3 Mara


Innate Abilities, Weirdness & Mutations

You can breathe blasts of scalding, opaque steam.
Your pale cyan-grey scales are hard. (AC +10)
You cannot fit into any form of body armour.
You are cold-blooded and may be slowed by cold attacks.
You are immune to the effects of steam.


Message History

Mara is severely wounded.
The mystic blast hits Mara.
Mara is almost dead.
Mara is knocked back by the mystic blast.
The mystic blast hits diecastcamel's illusion.
Diecastcamel's illusion is moderately wounded.
Diecastcamel's illusion is knocked back by the mystic blast.
Diecastcamel's illusion is engulfed in blazing flames.
You block diecastcamel's illusion's attack.
Casting: Iskenderun's Mystic Blast (safe; 1% risk of failure)
Press: ? - help, Q - select action, (/) - cycle Dir - look around, f - activate You erupt in a blast of force!
The mystic blast hits Mara.
Mara is severely wounded.
Mara is knocked back by the mystic blast.
Mara slams into the mangrove!
Mara is severely wounded.
The mystic blast hits diecastcamel's illusion!
Diecastcamel's illusion is moderately wounded.
Diecastcamel's illusion is knocked back by the mystic blast.
You feel much better. Mara gestures at you. The bolt of fire hits you!!
You resist.
* * * LOW HITPOINT WARNING * * *
The mangrove smoulders and burns.
Diecastcamel's illusion is engulfed in blazing flames.
Diecastcamel's illusion points at you and mumbles some strange words.
The freezing blast engulfs you! You resist.
* * * LOW HITPOINT WARNING * * *
Casting: Blink (safe; 1% risk of failure)
Press: ? - help, Q - select action, (/) - cycle Dir - look around, f - activate You blink.
Casting: Blink (safe; 1% risk of failure)
Press: ? - help, Q - select action, (/) - cycle Dir - look around, f - activate
Okay, then.
As you read the scroll of summoning, it crumbles to dust.
Wisps of shadow whirl around you...
You block diecastcamel's illusion's attack.
Mara gestures at you. The bolt of fire hits you!! You resist.
You die...

.~~..~~♣.♣♣ ♣♣♣
.~.~.)~~..♣ ♣♣.♣♣♣
§....^.~..♣♣♣♣~..~♣♣
.R~...§§§♣♣§..~○...♣
.♣♣§~.§§§§☼§☼☼.♣.♣♣
♣~...~..~~§○..♣♣
♣♣♣§.§Ri~°○☼.♣.♣♣
♣..♣~.♣@......♣
....♣♣R~@§..R~.♣♣
♣.♣♣♣♣~wii..^..♣♣ ♣
♣..X..♣..~.♣
♣♣♣♣.♣♣♣♣~~♣♣♣ ♣~
♣♣♣♣♣~.♣.~..♣♣ ♣♣~~
♣~♣~♣.~...~~.♣♣♣♣~..
.~~~.....~~~.~♣♣..~♣
.~~~~~~.......♣~.§~♣
♣~~~~~§.♣♣♣...♣♣.~.♣


You could see 2 Maras, diecastcamel's illusion (ally target), a friendly
tentacled monstrosity (summoned), a friendly eleionoma (summoned), a friendly
tyrant leech (summoned), a friendly spriggan rider (summoned), a friendly
spriggan druid (summoned) and a friendly spriggan (summoned).

Vanquished Creatures
  Bai Suzhen (Snake:4)
  Saint Roka (Orc:2)
  Vashnia (Snake:3)
  2 thorn hunters
  Kirke (Snake:4)
  5 nagarajas (Snake:4)
  Aizul (Swamp:3)
  2 orc warlords
  A stone giant (D:15)
  4 eleionomae
  A bunyip (Swamp:2)
  A fire dragon (Lair:5)
  Josephine (D:14)
  2 salamander tyrants
  8 vault guards (D:13)
  4 boulder beetles
  17 hydras
  6 centaur warriors
  16 naga warriors
  5 anacondas
  4 two-headed ogres
  7 death yaks
  3 alligators
  Urug (Orc:1)
  5 shock serpents
  14 naga sharpshooters
  Sonja (Lair:4)
  3 goliath frogs
  6 salamander mystics
  3 spriggan druids (Swamp:3)
  5 bog bodies
  4 swamp dragons
  A wizard (D:15)
  2 naga ritualists (Snake:3)
  4 orc knights
  3 mana vipers
  A will-o-the-wisp (Swamp:3)
  9 ugly things
  14 salamanders
  3 orc sorcerers
  A manticore (D:12)
  10 elephants
  4 cyclopes
  3 guardian serpents
  28 black mambas
  A cane toad (shapeshifter) (D:15)
  3 torpor snails
  2 gargoyles (D:10)
  An unseen horror (D:10)
  17 naga magi
  An unseen horror (shapeshifter) (D:14)
  A freezing wraith (D:15)
  19 cane toads
  A rime drake (Lair:5)
  2 kobold demonologists (D:13)
  2 efreet (D:14)
  12 komodo dragons
  9 polar bears (Lair:5)
  7 trolls
  A bloated husk (Swamp:3)
  5 tyrant leeches
  3 hornets
  35 blink frogs
  4 raiju (Lair:5)
  19 dream sheep
  14 slime creatures
  3 spriggans
  9 wraiths
  A jumping spider (shapeshifter) (D:14)
  2 water elementals
  3 vampires
  55 yaks
  4 shadows
  2 wyverns
  Eustachio (D:5)
  2 hogs (Snake:4)
  6 steam dragons
  2 humans (Snake:4)
  13 basilisks
  13 vampire mosquitoes
  Menkaure (D:7)
  8 swamp worms
  31 nagas
  4 acid dragons
  Edmund (D:5)
  7 wargs
  17 water moccasins
  11 hell hounds (Lair:5)
  Duvessa (D:5)
  3 swamp drakes
  40 orc warriors
  3 sky beasts (D:7)
  14 black bears
  2 ice beasts
  5 ogres (Orc:2)
  14 wolves
  22 centaurs
  3 boggarts (D:14)
  A phantom (D:6)
  Blork the orc (D:5)
  12 bullfrogs
  9 kobold brigands
  2 necrophages
  2 gnoll sergeants (D:10)
  3 scorpions
  Dowan (D:5)
  5 killer bees
  2 electric eels
  7 howler monkeys
  A nameless horror (Lair:5)
  A quasit (D:5)
  9 orc priests
  A hound (D:6)
  5 iguanas
  19 orc wizards
  15 gnolls
  5 adders
  2 shadow imps
  6 white imps
  3 ufetubi
  A worm (D:2)
  4 dart slugs
  72 orcs
  8 endoplasms
  A giant cockroach (D:2)
  11 goblins
  7 hobgoblins
  5 jackals
  18 kobolds
  4 quokkas
  13 ball pythons
  8 bats
  4 frilled lizards
  4 rats
953 creatures vanquished.

Vanquished Creatures (collateral kills)
  Snorg (Orc:1)
  A hydra (Lair:3)
  A death yak (Lair:4)
  3 blink frogs
  4 dream sheep (Lair:3)
  A basilisk (Lair:4)
  2 yaks (Lair:5)
  2 wargs (Lair:5)
  A naga (Lair:3)
  A water moccasin (Lair:5)
  An orc warrior (Orc:2)
  3 wolves (Lair:5)
  2 orcs (Orc:2)
23 creatures vanquished.

Vanquished Creatures (others)
  A human (Snake:4)
  3 demonic plants (D:5)
  14 foxfires (Swamp:3)
  48 fulminant prisms
  54 fungi
  96 plants
216 creatures vanquished.

Grand Total: 1192 creatures vanquished

Notes
Turn   | Place    | Note
-------+----------+-------------------------------------------
     0 | D:1      | diecastcamel the Draconian Conjurer began the quest for the
                  | Orb.
     0 | D:1      | Reached XP level 1. HP: 14/14 MP: 3/3
    40 | D:1      | Learned a level 1 spell: Freeze
   280 | D:1      | Reached XP level 2. HP: 22/22 MP: 0/5
   336 | D:1      | Learned a level 2 spell: Searing Ray
   642 | D:1      | Reached skill level 1 in Fighting
   887 | D:1      | Reached skill level 1 in Ice Magic
   947 | D:1      | Found a faded altar of an unknown god.
  1407 | D:2      | Reached XP level 3. HP: 27/28 MP: 3/6
  2039 | D:2      | Identified the +3 leather armour "Puargh" {Rampage Str+3
                  | Dex+4}
  2698 | D:3      | Found an opulent altar of Gozag.
  2700 | D:3      | Noticed a bullfrog
  2709 | D:3      | Killed a bullfrog
  2710 | D:3      | Reached XP level 4. HP: 27/36 MP: 0/8
  2931 | D:3      | Found a glowing golden altar of the Shining One.
  3083 | D:3      | Reached XP level 5. HP: 41/41 MP: 5/9
  3516 | D:4      | Noticed a black bear
  4555 | D:4      | You fall into a shaft and drop 2 floors!
  4662 | D:5      | Entered Level 5 of the Dungeon
  4679 | D:5      | Reached skill level 5 in Conjurations
  4679 | D:5      | Reached XP level 6. HP: 51/51 MP: 3/11
  4746 | D:5      | Learned a level 3 spell: Frozen Ramparts
  4759 | D:5      | Found Onaptet's Vocational Training.
  4775 | D:5      | Noticed Duvessa
  5226 | D:4      | Your scales start taking on a pale cyan-grey colour.
  5226 | D:4      | Reached XP level 7. HP: 56/58 MP: 2/13
  5226 | D:4      | Gained mutation: You are immune to the effects of steam.
                  | [Pale Draconian growth]
  5470 | D:3      | HP: 1/58 [gnoll/+1 spear of chaos (11)]
  5878 | D:3      | Found a shimmering altar of Xom.
  6007 | D:4      | Found a glowing silver altar of Zin.
  6324 | D:5      | Noticed Eustachio
  6346 | D:5      | Killed Eustachio
  6576 | D:5      | Killed Duvessa
  6577 | D:5      | Reached skill level 6 in Conjurations
  6756 | D:5      | Noticed Dowan
  6761 | D:5      | Killed Dowan
  6841 | D:5      | Learned a level 3 spell: Swiftness
  7029 | D:5      | Found a hide-covered altar of Uskayaw.
  7096 | D:5      | Noticed Blork the orc
  7109 | D:5      | Killed Blork the orc
  7110 | D:5      | Reached skill level 5 in Fighting
  7110 | D:5      | Reached skill level 1 in Air Magic
  7110 | D:5      | Reached XP level 8. HP: 64/68 MP: 6/15
  7183 | D:5      | Found a runed translucent door.
  7235 | D:5      | Found a runed translucent door.
  7344 | D:5      | Noticed Edmund
  7358 | D:5      | Killed Edmund
  7498 | D:5      | Upgraded the game from 0.29-a0-1065-g47a6bb87d6 to
                  | 0.30-a0-4-ga7cffc901d
  7585 | D:5      | Learned a level 4 spell: Iskenderun's Mystic Blast
  7890 | D:6      | Reached skill level 5 in Spellcasting
  7910 | D:6      | Reached skill level 1 in Translocations
  9031 | D:6      | Upgraded the game from 0.30-a0-4-ga7cffc901d to
                  | 0.30-a0-6-g7c9e10e132
  9100 | D:7      | Found a staircase to the Ecumenical Temple.
  9105 | Temple   | Entered the Ecumenical Temple
  9253 | Temple   | Became a worshipper of Vehumet
  9392 | D:7      | Reached skill level 7 in Conjurations
  9569 | D:7      | Reached XP level 9. HP: 74/74 MP: 10/17
  9922 | D:7      | Found an ornate altar of the Wu Jian Council.
  9976 | D:7      | Learned a level 4 spell: Airstrike
 10087 | D:7      | Found a burning altar of Makhleb.
 10558 | D:7      | Noticed Menkaure
 10561 | D:7      | Killed Menkaure
 10706 | D:8      | Found a transporter.
 10708 | D:8      | Found a transporter.
 10727 | D:8      | Found a flagged portal.
 10731 | D:8      | Noticed a two-headed ogre
 10746 | D:8      | Killed a two-headed ogre
 10747 | D:8      | Reached skill level 8 in Conjurations
 10747 | D:8      | Reached skill level 5 in Air Magic
 10757 | Bailey   | Entered a bailey
 11101 | Bailey   | Reached * piety under Vehumet
 11101 | Bailey   | Offered knowledge of Foxfire by Vehumet.
 11187 | Bailey   | Noticed an orc knight
 11211 | Bailey   | Killed an orc knight
 11602 | D:8      | Learned a level 4 spell: Fulminant Prism
 11621 | D:8      | Reached XP level 10. HP: 81/81 MP: 15/21
 11811 | D:8      | Found a sparkling altar of Nemelex Xobeh.
 11812 | D:8      | Found a broken altar of Ashenzari.
 11815 | D:8      | Found a bloodstained altar of Trog.
 11855 | D:8      | Found a transporter.
 11857 | D:8      | Found a transporter.
 12110 | D:8      | Found a transporter.
 12119 | D:8      | Found a transporter.
 12141 | D:8      | Reached skill level 1 in Evocations
 12146 | D:8      | Reached skill level 9 in Conjurations
 12723 | D:9      | Found a staircase to the Lair.
 12938 | D:9      | Reached ** piety under Vehumet
 12964 | D:9      | Offered knowledge of Sandblast by Vehumet.
 13554 | D:9      | Found a hazy altar of Hepliaklqana.
 13776 | Lair:1   | Entered Level 1 of the Lair of Beasts
 14101 | Lair:1   | Noticed a black mamba
 14106 | Lair:1   | Killed a black mamba
 14147 | Lair:1   | Noticed a cane toad
 14157 | Lair:1   | Killed a cane toad
 14158 | Lair:1   | Reached XP level 11. HP: 86/86 MP: 7/23
 14568 | Lair:1   | Reached skill level 10 in Conjurations
 14824 | Lair:1   | Reached skill level 5 in Evocations
 15338 | Lair:1   | Offered knowledge of Poisonous Vapours by Vehumet.
 15388 | Lair:1   | Learned a level 5 spell: Lightning Bolt
 15561 | Lair:2   | Noticed a seven-headed hydra
 15875 | Lair:2   | Killed a seven-headed hydra
 15876 | Lair:2   | Reached skill level 5 in Dodging
 15880 | Lair:2   | Reached *** piety under Vehumet
 16013 | Lair:2   | Reached XP level 12. HP: 80/94 MP: 19/25
 16316 | Lair:2   | Reached skill level 11 in Conjurations
 16373 | Lair:2   | Reached skill level 10 in Spellcasting
 16731 | Lair:2   | Noticed a boulder beetle
 17045 | Lair:3   | Learned a level 4 spell: Summon Lightning Spire
 17048 | Lair:3   | Noticed a six-headed hydra
 17059 | Lair:3   | Killed a six-headed hydra
 17074 | Lair:3   | Reached skill level 10 in Air Magic
 17428 | Lair:3   | Offered knowledge of Flame Wave by Vehumet.
 17936 | Lair:3   | Found a staircase to the Snake Pit.
 18090 | Lair:3   | Reached **** piety under Vehumet
 18285 | Lair:3   | Found a staircase to the Swamp.
 18978 | Lair:4   | Offered knowledge of Yara's Violent Unravelling by Vehumet.
 19072 | Lair:4   | You fall into a shaft and drop 1 floor!
 19072 | Lair:5   | Entered Level 5 of the Lair of Beasts
 19072 | Lair:5   | Noticed a six-headed hydra
 19072 | Lair:5   | Noticed an anaconda
 19078 | Lair:5   | Reached skill level 12 in Conjurations
 19083 | Lair:5   | Reached XP level 13. HP: 66/100 MP: 22/27
 19432 | Lair:5   | Identified a scroll of acquirement
 19433 | Lair:5   | Acquired the +5 kite shield of Whack-A-Mole {Fly Str+2}
 19520 | Lair:4   | Reached skill level 1 in Shields
 19831 | Lair:4   | Noticed Sonja
 19838 | Lair:4   | Killed Sonja
 20252 | Lair:5   | Reached ***** piety under Vehumet
 20523 | Lair:4   | Offered knowledge of Conjure Ball Lightning by Vehumet.
 20975 | Lair:5   | Reached skill level 5 in Shields
 21719 | Lair:5   | Reached skill level 13 in Conjurations
 21733 | Lair:4   | Reached XP level 14. HP: 66/107 MP: 22/29
 22034 | Lair:5   | Reached XP level 15. HP: 113/113 MP: 30/30
 22035 | Lair:5   | Reached XP level 16. HP: 119/119 MP: 30/32
 22366 | Lair:5   | Reached skill level 10 in Shields
 22459 | Lair:5   | Found a staircase to the Slime Pits.
 23696 | Lair:5   | Identified the +1 short sword of the Poles {flame, rC+
                  | Dex+4}
 24170 | Lair:5   | Offered knowledge of Olgreb's Toxic Radiance by Vehumet.
 24867 | Lair:5   | Acquired 963 gold pieces
 24869 | Lair:5   | Upgraded the game from 0.30-a0-6-g7c9e10e132 to
                  | 0.30-a0-12-gd8047c6341
 25142 | D:10     | Entered Level 10 of the Dungeon
 25476 | D:10     | Reached skill level 14 in Conjurations
 26001 | D:10     | Learned a level 5 spell: Freezing Cloud
 26520 | D:10     | Found Papnahipp's Assorted Antiques.
 26525 | D:10     | Bought a scroll labelled WYGROG DYIRAUR for 26 gold pieces
 26525 | D:10     | Bought a scroll of identify for 52 gold pieces
 26525 | D:10     | Bought a bubbling green potion for 23 gold pieces
 26525 | D:10     | Bought a potion of heal wounds for 130 gold pieces
 27239 | D:11     | Found a staircase to the Orcish Mines.
 27281 | D:11     | Learned a level 2 spell: Blink
 28108 | Orc:1    | Entered Level 1 of the Orcish Mines
 28113 | Orc:1    | Noticed Snorg
 28120 | Orc:1    | Killed Snorg
 28217 | Orc:1    | Noticed Urug
 28228 | Orc:1    | Killed Urug
 28670 | Orc:1    | You are sucked into a shaft and drop 1 floor!
 28670 | Orc:2    | Entered Level 2 of the Orcish Mines
 28852 | Orc:1    | Offered knowledge of Lee's Rapid Deconstruction by Vehumet.
 28978 | Orc:1    | Found Ruprakk's Antique Weapon Shop.
 28995 | Orc:1    | Bought an ichor-stained quarterstaff for 324 gold pieces
 28995 | Orc:1    | Identified the +4 quarterstaff "Cusudwel" {holy, rC+ Will+
                  | MP+9 Int+3} (You bought it in a shop on level 1 of the
                  | Orcish Mines)
 29276 | Orc:2    | Reached skill level 5 in Ice Magic
 29488 | Orc:2    | Reached skill level 5 in Translocations
 29743 | Orc:2    | Found a staircase to the Elven Halls.
 30158 | Orc:2    | Noticed Saint Roka
 30177 | Orc:2    | Killed Saint Roka
 30524 | Orc:2    | Found Keta's Book Shoppe.
 30524 | Orc:2    | Found Qoarriec's Magic Scroll Shop.
 30524 | Orc:2    | Found Nuatyhuh's Armour Boutique.
 30706 | Orc:2    | Found Neghi's Book Emporium.
 31564 | Orc:2    | Bought a book of Dangerous Friends for 480 gold pieces
 31777 | Snake:1  | Entered Level 1 of the Snake Pit
 32376 | Snake:1  | Reached XP level 17. HP: 124/126 MP: 7/33
 32622 | Snake:1  | Offered knowledge of Iron Shot by Vehumet.
 32623 | Snake:1  | Upgraded the game from 0.30-a0-12-gd8047c6341 to
                  | 0.30-a0-23-ge60ba3568b
 32769 | Snake:1  | Identified the +1 whip "Starlight" {protect, Str+5 Int-5}
 33038 | Snake:1  | Identified the +4 war axe of Ybeboxio {protect, rElec Will+
                  | Int+5 Stlth-}
 33238 | Snake:2  | Reached skill level 15 in Conjurations
 33801 | Snake:2  | Learned a level 7 spell: Orb of Destruction
 34141 | Snake:2  | Reached skill level 15 in Air Magic
 36388 | Snake:3  | Noticed Vashnia
 36395 | Snake:3  | Killed Vashnia
 37002 | Lair:3   | Learned a level 6 spell: Iron Shot
 37034 | Swamp:1  | Entered Level 1 of the Swamp
 37188 | Swamp:1  | Reached skill level 1 in Earth Magic
 37740 | Swamp:1  | You fall into a shaft and drop 1 floor!
 38188 | Swamp:1  | Offered knowledge of Eringya's Noxious Bog by Vehumet.
 39631 | Swamp:3  | Noticed Aizul
 39781 | Swamp:3  | Reached skill level 16 in Conjurations
 39896 | Swamp:3  | Killed Aizul
 40638 | Swamp:3  | Reached XP level 18. HP: 115/133 MP: 20/35
 40738 | Swamp:3  | Reached skill level 5 in Earth Magic
 41372 | Swamp:3  | Noticed Mara
 42095 | D:12     | Identified the +8 long sword of the Nurturing Goat {venom,
                  | *Slow Fly rPois Int+5}
 42429 | D:13     | Reached ****** piety under Vehumet
 43321 | D:13     | Offered knowledge of Fireball by Vehumet.
 43670 | D:13     | Found a gate to the Vaults.
 44999 | D:14     | Noticed Josephine
 45005 | D:14     | Killed Josephine
 45417 | D:14     | Found a white marble altar of Elyvilon.
 45506 | D:15     | Entered Level 15 of the Dungeon
 45793 | D:15     | Found a staircase to the Depths.
 46690 | Snake:4  | Entered Level 4 of the Snake Pit
 47122 | Snake:4  | Offered knowledge of Maxwell's Capacitive Coupling by
                  | Vehumet.
 47275 | Snake:4  | Noticed Kirke
 47280 | Snake:4  | Killed Kirke
 48062 | Snake:4  | Reached skill level 17 in Conjurations
 48163 | Snake:4  | Noticed Bai Suzhen
 48709 | Snake:4  | Killed Bai Suzhen
 49126 | Snake:4  | Reached skill level 15 in Shields
 49731 | Snake:4  | Got a serpentine rune of Zot
 50138 | Swamp:3  | Noticed diecastcamel's illusion
 50154 | Swamp:3  | Killed from afar by Mara (illusionary)

Illustrated notes

Levels and vault maps discovered:
D:1:      minmay_arrival_plants_in_alcoves, layout_basic,
          ebering_ecumenical_altar_abandoned, minmay_domino_2
D:2:      layout_basic, hangedman_glass_teeth
D:3:      layout_basic, tgw_xom, grunt_gozag_statues, overflow_temple_1_default,
          hangedman_decor_growths, serial_park_tiny_pond, skrybe_limestone_x
D:4:      layout_loops_ring, mainiacjoe_overflow_alcove_2,
          nicolae_elevator_lobby_plus
D:5:      lemuel_insect_pit, layout_rooms, nicolae_overflow_crystal_walls,
          serial_demonic, serial_demonic_f, serial_demonic_a, serial_demonic_e,
          serial_demonic_b, nicolae_shop_vocational, uniq_eustachio,
          uniq_blork_the_orc, uniq_duvessa, uniq_edmund
D:6:      layout_basic, kennysheep_generic_room_7
D:7:      layout_gridville, bloody_makhleb, mainiacjoe_overflow_alcove_4,
          minmay_temple_entry_drinking_statues, uniq_menkaure
D:8:      layout_cave_pools, chequers_temple_overflow_statue_of_worship,
          enter_bailey_3, serial_nicolae_subway, nicolae_sub_station_crystal,
          nicolae_sub_station_metal, nicolae_sub_station_stone
D:9:      layout_loops_ring, mainiacjoe_overflow_24_doors,
          grunt_lair_entry_orc_guard_hut
D:10:     minmay_imperfect_grid, layout_loops_corners, serial_shops, shop
D:11:     kennysheep_blocky_hall, layout_rooms, orc_0_dummy
D:12:     layout_rooms, hangedman_ranch
D:13:     layout_long_grid, erik_vaults_2
D:14:     layout_big_octagon, nicolae_elyvilon_temple_path, uniq_josephine
D:15:     grunt_enter_depths_giant_problem, layout_irregular_city,
          chequers_serial_rivers_small_3, minmay_misc_feat_diagonals,
          minmay_misc_feat_iff
Temple:   jpeg_temple_clearing
Lair:1:   layout_small_grid, chequers_serial_rivers_micro_c
Lair:2:   layout_small_grid, hellmonk_guarded_unrand_seven_league_boots
Lair:3:   layout_regular_city, minmay_swamp_entry_swarm,
          guppyfry_snake_entry_island, eino_small_chamber_without_monster
Lair:4:   layout_loops_ring, minmay_stone_trees_medium, uniq_sonja
Lair:5:   guppyfry_lair_end_dragon, layout_misc_corridors,
          hangedman_lair_caniforms_friends, slime_entry_1,
          minmay_shattered_shrine, grunt_megastairs_3
Swamp:1:  layout_basic_swamp, evilmike_swamp_ruin_house_4,
          infiniplex_staircase_pool
Swamp:2:  layout_basic_swamp, evilmike_swamp_ruin_house_3
Swamp:3:  layout_basic_swamp, nicolae_swamp_triple_paths, uniq_mara, uniq_aizul
Snake:1:  layout_basic, nicolae_coiled_stairwell_down
Snake:2:  layout_grid_maze, grunt_ministairs_15
Snake:3:  layout_onion, uniq_vashnia
Snake:4:  snake_pit, layout_layer_cave, uniq_bai_suzhen, uniq_kirke
Orc:1:    layout_diamond_mine, serial_shops, nicolae_shop_overgrown_old_shop,
          uniq_snorg, uniq_urug
Orc:2:    st_orc_rangers, layout_caves, uniq_saint_roka

Skill      XL: |  1  2  3  4  5  6  7  8  9 10 11 12 13 14 15 16 17 18 |
---------------+-------------------------------------------------------+-----
Fighting       | 1 2 3 5 |  5.0
Ice Magic      | 1 2 3 4 5 |  5.0
Spellcasting   | 3 4 5 7 8 9 10 11 12 13 | 13.6
Conjurations   | 5 6 7 8 9 10 12 13 14 16 17 | 17.4
Air Magic      | 1 3 5 7 9 11 12 14 15 | 15.0
Dodging        | 2 5 7 |  7.9
Translocations | 3 4 5 |  5.0
Evocations     | 4 5 6 |  6.7
Shields        | 6 9 11 13 15 | 15.0
Earth Magic    | 4 8 |  8.5
Stealth        | |  1.7

Action                   |  1- 3 |  4- 6 |  7- 9 | 10-12 | 13-15 | 16-18 || total
-------------------------+-------+-------+-------+-------+-------+-------++-------
Melee: Dagger            |    14 |       |       |       |       |       ||    14
       Whip              |    14 |    16 |    20 |       |       |       ||    50
       Tailslap          |     1 |     2 |     7 |     7 |    11 |    32 ||    60
       Punch             |     1 |       |     1 |       |       |       ||     2
       Short sword       |       |       |    15 |       |       |    39 ||    54
       Staff             |       |       |     6 |    52 |    55 |    44 ||   157
       War axe           |       |       |       |       |       |   109 ||   109
Throw: Dart              |       |       |       |     1 |       |     9 ||    10
 Cast: Magic Dart        |    60 |    54 |    64 |    44 |    14 |    52 ||   288
       Searing Ray       |     8 |    12 |    46 |    34 |    11 |    27 ||   138
       Freeze            |     5 |     4 |     1 |    13 |     7 |     7 ||    37
       Frozen Ramparts   |       |     3 |    31 |    40 |    12 |    45 ||   131
       Iskenderun's Myst |       |       |     9 |    28 |    23 |    79 ||   139
       Airstrike         |       |       |     6 |    66 |    39 |   220 ||   331
       Fulminant Prism   |       |       |     1 |    14 |    11 |    22 ||    48
       Lightning Bolt    |       |       |       |    11 |    17 |    80 ||   108
       Summon Lightning  |       |       |       |     7 |    13 |    13 ||    33
       Freezing Cloud    |       |       |       |       |       |   306 ||   306
       Blink             |       |       |       |       |       |     4 ||     4
       Orb of Destructio |       |       |       |       |       |    75 ||    75
       Iron Shot         |       |       |       |       |       |    99 ||    99
 Abil: Breathe Steam     |       |       |    22 |    42 |    14 |    32 ||   110
Evoke: Wand              |       |       |     1 |       |       |     5 ||     6
       Tin of tremorston |       |       |       |       |       |     2 ||     2
       Phantom mirror    |       |       |       |       |       |     1 ||     1
  Use: Scroll            |     2 |       |     8 |     8 |     4 |    25 ||    47
       Potion            |       |       |     9 |     1 |     3 |     9 ||    22
Armor: Skin              |    14 |    12 |    33 |    16 |    22 |   158 ||   255
Dodge: Dodged            |    17 |    32 |    78 |    96 |    59 |   155 ||   437
Block: Kite shield       |       |       |       |       |    58 |   169 ||   227
       Tower shield      |       |       |       |       |       |   284 ||   284
       Reflection        |       |       |       |       |       |   114 ||   114

Table legend: (Time is in decaauts)
 A = Elapsed time spent in this place.
 B = Non-inter-level travel time spent in this place.
 C = Inter-level travel time spent in this place.
 D = Time resting spent in this place.
 E = Time spent auto-exploring this place.
 F = Levels seen in this place.
 G = Mean time per level.
                   A        B        C        D        E       F      G
               +--------+--------+--------+--------+--------+-----+--------+
         Total |  50570 |  46853 |   3717 |  19787 |  19594 |  31 | 1631.3 |
       Dungeon |  21120 |  19573 |   1547 |   6683 |   9723 |  15 | 1408.0 |
        Temple |    158 |    123 |     35 |      0 |    110 |   1 |  158.0 |
          Lair |  11765 |  10870 |    895 |   5110 |   4003 |   5 | 2353.0 |
         Swamp |   4439 |   4128 |    311 |   1963 |   1591 |   3 | 1479.7 |
     Snake Pit |   8732 |   8004 |    728 |   3772 |   3008 |   4 | 2183.0 |
  Orcish Mines |   3515 |   3315 |    200 |   1776 |   1048 |   2 | 1757.5 |
        Bailey |    838 |    838 |      0 |    482 |    109 |   1 |  838.0 |
               +--------+--------+--------+--------+--------+-----+--------+

Top non-repeatable levels by time:
  Lair:5: 3922 daAuts
 Snake:4: 3228 daAuts
  Lair:4: 2268 daAuts
   Orc:2: 2137 daAuts
  Lair:1: 2074 daAuts
 Snake:2: 2030 daAuts
 Swamp:1: 1931 daAuts
    D:10: 1921 daAuts
 Snake:3: 1906 daAuts
     D:5: 1837 daAuts
     D:4: 1788 daAuts
  Lair:2: 1785 daAuts
  Lair:3: 1714 daAuts
     D:7: 1666 daAuts
 Snake:1: 1566 daAuts
